 Dungeon Crawl Stone Soup version 0.23.2-40-g277498a001 (webtiles) character file.

Game seed: 16219120113926186231

118 FishyPogo the Slasher (level 4, 0/38 HPs)
             Began as a Minotaur Gladiator on Aug 15, 2019.
             Slain by a gnoll
             ... wielding a +0 flail
              (6 damage)
             ... on level 3 of the Dungeon.
             The game lasted 00:06:25 (1523 turns).

FishyPogo the Slasher (Minotaur Gladiator)          Turns: 1523, Time: 00:06:25

Health: 0/38       AC:  9    Str: 19    XL:     4   Next: 72%
Magic:  3/3        EV: 13    Int:  5    God:
Gold:   106        SH:  0    Dex: 12    Spells: 3/3 levels left

rFire    . . .     SeeInvis .   a - +0 long sword
rCold    . . .     Gourm    .   (no shield)
rNeg     . . .     Faith    .   b - +0 leather armour
rPois    +         Spirit   .   c - +0 hat
rElec    .         Reflect  .   g - scarf {repulsion}
rCorr    .         Harm     .   (no gloves)
MR       .....                  (no boots)
Stlth    +.........             (no amulet)
HPRegen  0.12/turn              j - +6 ring of protection
MPRegen  0.08/turn              l - ring of poison resistance

@: repel missiles
A: retaliatory headbutt, horns 2
a: no special abilities


You were on level 3 of the Dungeon.
You were not hungry.

You visited 1 branch of the dungeon, and saw 3 of its levels.

You collected 106 gold pieces.

Inventory:

Hand Weapons
 a - a +0 long sword (weapon)
Missiles
 d - 3 throwing nets
 h - 117 stones (quivered)
Armour
 b - a +0 leather armour (worn)
 c - a +0 hat (worn)
 g - a scarf of repulsion (worn)
 n - a +0 buckler
 w - a +0 pair of boots
Jewellery
 j - a +6 ring of protection (left hand)
 l - a ring of poison resistance (right hand)
Scrolls
 i - 4 scrolls of identify {unknown}
 k - a scroll of immolation {unknown}
 m - a scroll of random uselessness {unknown}
 o - a scroll of enchant armour {unknown}
 p - 3 scrolls of remove curse {unknown}
 t - a scroll of blinking {unknown}
 u - a scroll of fog {unknown}
Potions
 e - a potion of haste {unknown}
 r - a potion of mutation {unknown}
 s - a potion of berserk rage {unknown}
 v - a potion of curing {unknown}
Comestibles
 f - 8 rations
 q - 5 chunks of flesh


   Skills:
 + Level 3.5 Fighting
 + Level 4.2 Long Blades
 + Level 2.5 Throwing
 + Level 4.1 Dodging
 * Level 2.3 Shields


You had 3 spell levels left.
You didn't know any spells.
Your spell library was empty.

Dungeon Overview and Level Annotations

Branches:
Dungeon (3/15)

Altars:


Innate Abilities, Weirdness & Mutations

You reflexively headbutt those who attack you in melee.
You have a pair of horns on your head.


Message History

The gnoll closely misses you.
Your leather armour prevents you from hitting the gnoll.
You headbutt the gnoll, but do no damage.
The gnoll is moderately wounded.
The gnoll hits you with a +0 flail. The gnoll hits you but does no damage.
You barely miss the gnoll.
The gnoll is moderately wounded.
The gnoll hits you but does no damage. x2
Unknown command.
You barely miss the gnoll.
The gnoll is moderately wounded.
The gnoll hits you with a +0 flail. The gnoll hits you with a +0 whip.
You barely miss the gnoll.
The gnoll is moderately wounded.
The gnoll hits you but does no damage. The gnoll hits you with a +0 whip!
* * * LOW HITPOINT WARNING * * *
You hit the gnoll but do no damage.
The gnoll is moderately wounded.
The gnoll hits you but does no damage. The gnoll hits you with a +0 flail.
You die...

.............###.###
...................
.................<##
...................##.
......................
.............#...#....
......†g.....#........
......)@......<.......
......g....†.....##...
........!........#
.................#
.................#
.................#
.....$........##.#
............... .#
..........#.#.#


You could see 2 gnolls.

Vanquished Creatures
  Robin (D:2)
  2 gnolls (D:3)
  An adder (D:2)
  2 oozes (D:1)
  2 dart slugs
  3 leopard geckos (D:2)
  7 bats
  5 giant cockroaches
  11 hobgoblins
  3 ball pythons
  2 frilled lizards
  11 goblins
  5 kobolds
  2 rats (D:1)
57 creatures vanquished.

Notes
Turn   | Place    | Note
-------+----------+-------------------------------------------
     0 | D:1      | FishyPogo the Minotaur Gladiator began the quest for the
                  | Orb.
     0 | D:1      | Reached XP level 1. HP: 18/18 MP: 0/0
   220 | D:1      | Reached XP level 2. HP: 25/25 MP: 1/1
   668 | D:1      | Reached XP level 3. HP: 31/31 MP: 2/2
   944 | D:2      | Reached skill level 1 in Shields
   955 | D:2      | Noticed Robin
  1051 | D:2      | Killed Robin
  1051 | D:2      | Reached XP level 4. HP: 32/38 MP: 3/3
  1523 | D:3      | Slain by a gnoll

Skill      XL: |  1  2  3  4 |
---------------+-------------+-----
Fighting       | 3 |  3.5
Long Blades    | 4 |  4.2
Shields        | 1 2 |  2.3
Dodging        | 4 |  4.1
Throwing       | |  2.5

Action                   |  1- 3 |  4- 6 || total
-------------------------+-------+-------++-------
Melee: Long sword        |    77 |    38 ||   115
       Headbutt          |    10 |     3 ||    13
Throw: Stone             |     5 |     5 ||    10
  Eat: Chunk             |       |     2 ||     2
Armor: Leather armour    |    33 |    29 ||    62
Dodge: Dodged            |    63 |    35 ||    98
       Deflected         |       |     4 ||     4
       Rpst.: Long sword |    14 |     2 ||    16
